 Dungeon Crawl Stone Soup version 0.30.1-8-g117510f58f (webtiles) character file.

Game seed: 17347571252929762641

1849 eliilek the Basher (level 8, -2/73 HPs)
             Began as a Minotaur Fighter on Sept 23, 2023.
             Was a Follower of Trog.
             Slain by a gnoll sergeant
             ... wielding a +0 trident
              (7 damage)
             ... on level 7 of the Dungeon.
             The game lasted 00:17:48 (5522 turns).

eliilek the Basher (Minotaur Fighter)               Turns: 5522, Time: 00:17:48

Health: -2/73      AC: 14    Str: 22    XL:     8   Next: 88%
Magic:  7/7        EV:  5    Int:  5    God:    Trog [*.....]
Gold:   292        SH:  9    Dex: 11    Spells: 7/7 levels left

rFire   . . .        f - +5 flail (holy)
rCold   . . .        B - +0 kite shield
rNeg    . . .        v - +0 plate armour
rPois   .            (helmet restricted)
rElec   .            a - +0 cloak
rCorr   +            (no gloves)
SInv    .            (no boots)
Will    .....        t - amulet of the acrobat Stlth
                     q - ring of resist corrosion
HPRegen 0.32/turn    (no ring)
MPRegen 0.10/turn

%: acrobat
@: mighty
A: horns 2, retaliatory headbutt
a: Renounce Religion, Berserk


You were on level 7 of the Dungeon.
You worshipped Trog.
Trog was aware of your devotion.
You visited 1 branch of the dungeon, and saw 7 of its levels.
You also visited: Sewer.

You collected 346 gold pieces.
You spent 54 gold pieces at shops.

Inventory:

Hand Weapons
 f - a +5 flail of holy wrath (weapon)
Missiles
 i - 3 boomerangs (quivered)
Armour
 a - a +0 cloak (worn)
 v - a +0 plate armour (worn)
 B - a +0 kite shield (worn)
Jewellery
 q - a ring of resist corrosion (left hand)
 t - an amulet of the acrobat (around neck)
Wands
 F - a wand of quicksilver (7)
Scrolls
 g - 2 scrolls of fear
 h - 2 scrolls of fog
 k - 4 scrolls of teleportation
 s - a scroll of blinking
 u - a scroll of silence {unknown}
 w - a scroll of vulnerability {unknown}
 x - a scroll of enchant armour {unknown}
 y - a scroll of brand weapon {unknown}
 z - a scroll of amnesia {unknown}
 A - a scroll of butterflies {unknown}
 D - 3 scrolls of acquirement
Potions
 b - a potion of haste {unknown}
 c - a potion of mutation {unknown}
 d - a potion of might
 e - 2 potions of attraction {unknown}
 j - a potion of flight {unknown}
 l - 3 potions of lignification {unknown}
 m - 2 potions of invisibility {unknown}
 n - 4 potions of heal wounds {unknown}
 o - a potion of curing {unknown}
 p - 2 potions of brilliance {unknown}
 r - 4 potions of magic {unknown}
 C - a potion of berserk rage {unknown}
 E - a potion of degeneration {unknown}


   Skills:
 + Level 7.1 Fighting
 * Level 9.2 Maces & Flails
 + Level 7.2 Armour
 - Level 7.0 Shields


You had 7 spell levels left.
You didn't know any spells.
Your spell library contained the following spells:

 Spells                   Type           Power      Damage    Failure   Level
 Kiss of Death            Conj/Necr      0%         2d5       100%        1
 Magic Dart               Conj           0%         1d3       100%        1
 Searing Ray              Conj           0%         2d4       100%        2
 Confusing Touch          Hex            0%         N/A       100%        3
 Dispel Undead            Necr           0%         3d6       100%        4
 Fulminant Prism          Conj/Hex       0%         3d5       100%        4


Dungeon Overview and Level Annotations

Branches:
Dungeon (7/15)             Temple (0/1) D:6           Sewer (visited)

Altars:
Cheibriados
Fedhas
Kikubaaqudgha
Nemelex Xobeh
Qazlal
Ru
Trog
Vehumet
Wu Jian
Xom
Zin

Shops:
D:5 *

Annotations:
D:7 Blork the orc


Innate Abilities, Weirdness & Mutations

You have a pair of horns on your head.
You reflexively headbutt those who attack you in melee.


Message History

The wight hits you with a +0 falchion!
* * * LOW HITPOINT WARNING * * *
You closely miss the wight.
Blork the orc shouts!
Your headbutt misses the wight. The gnoll sergeant barely misses you.
You block the wight's attack.
A hound comes into view.
The wight blocks your attack.
The hound barks!
Your headbutt misses the wight. The wight hits you but does no damage.
You block the gnoll sergeant's attack.
You thump the wight!
The wight convulses!
You destroy the wight!
Trog accepts your kill.
Blork the orc mumbles some strange words.
Blork the orc seems to speed up.
The gnoll sergeant hits you from afar with a +0 trident!
* * * LOW HITPOINT WARNING * * *
Your Maces & Flails skill increases to level 9!
Blork the orc begins to cast a cantrip, but forgets the words!
The wight attacks as you move away! You block the wight's attack.
You feel very mighty all of a sudden. You block the wight's attack.
You bludgeon the wight!!
You destroy the wight!
Trog accepts your kill. The hound bites you but does no damage.
You hit the hound.
The hound is moderately wounded.
The hound bites you but does no damage. You block the hound's attack.
You hit the hound. You headbutt the hound.
You kill the hound!
Trog accepts your kill.
Blork the orc hits you but does no damage.
You bludgeon Blork the orc!! Your headbutt misses Blork the orc.
Blork the orc is almost dead.
Blork the orc hits you with a +0 flail!
* * * LOW HITPOINT WARNING * * *
The gnoll sergeant hits you from afar with a +0 trident!
You die...

#...## #.....
..... ...# ..#
#)# #g# #o# #@#
#.# #.# #.#
#######.#######
#......#......#
#.#####.#####.#
#.# #.# #.# #.#
# ###


You could see Blork the orc (fast) and a gnoll sergeant.

Vanquished Creatures
  Grinder (D:6)
  Edmund (D:5)
  An orc warrior (D:7)
  Pargi (Sewer)
  A sky beast (D:7)
  2 black bears (D:6)
  2 ogres (D:6)
  A centaur (D:6)
  A bullfrog (D:7)
  A scorpion (D:4)
  3 wights
  3 hounds
  3 jellies
  2 orc priests (D:6)
  2 sleepcaps (D:5)
  2 orc wizards (D:7)
  2 iguanas
  6 adders
  A gnoll (D:1)
  A white imp (D:5)
  2 ufetubi
  A worm (D:4)
  A dart slug (D:5)
  8 orcs
  11 ball pythons
  8 endoplasms
  4 giant cockroaches
  6 goblins
  2 hobgoblins
  4 jackals (D:1)
  6 kobolds
  6 quokkas
  10 frilled lizards
  A rat (D:3)
107 creatures vanquished.

Notes
Turn   | Place    | Note
-------+----------+-------------------------------------------
     0 | D:1      | eliilek the Minotaur Fighter began the quest for the Orb.
     0 | D:1      | Reached XP level 1. HP: 19/19 MP: 0/0
   123 | D:1      | Reached XP level 2. HP: 27/27 MP: 1/1
   199 | D:1      | Reached skill level 3 in Maces & Flails
   346 | D:1      | Reached XP level 3. HP: 33/33 MP: 2/2
  1313 | D:2      | Found an ornate altar of the Wu Jian Council.
  1642 | D:3      | Reached XP level 4. HP: 40/40 MP: 3/3
  1733 | D:3      | Found a bloodstained altar of Trog.
  1863 | D:3      | Became a worshipper of Trog the Wrathful
  1963 | D:3      | Found a glowing silver altar of Zin.
  2145 | D:3      | Found a faded altar of an unknown god.
  2198 | D:4      | Found a sacrificial altar of Ru.
  2477 | D:4      | Reached skill level 4 in Maces & Flails
  2552 | D:4      | Reached skill level 5 in Shields
  2552 | D:4      | Reached XP level 5. HP: 47/47 MP: 4/4
  2565 | D:4      | Identified the +4 trident "Woutedax" {antimagic, Dex+2}
  2572 | D:4      | Found a sparkling altar of Nemelex Xobeh.
  3472 | D:5      | Entered Level 5 of the Dungeon
  3513 | D:5      | Found Ycown's Neck Hole.
  3515 | D:5      | Noticed Edmund
  3525 | D:5      | Killed Edmund
  3526 | D:5      | Reached skill level 5 in Maces & Flails
  3526 | D:5      | Reached XP level 6. HP: 44/55 MP: 5/5
  3531 | D:5      | Bought a +0 cloak for 54 gold pieces
  3611 | D:5      | Found a glowing drain.
  3620 | Sewer    | Entered a sewer
  3719 | Sewer    | Reached * piety under Trog
  3721 | Sewer    | Noticed Pargi
  3729 | Sewer    | Killed Pargi
  3730 | Sewer    | Reached skill level 5 in Fighting
  3730 | Sewer    | Reached skill level 5 in Armour
  3730 | Sewer    | Reached XP level 7. HP: 49/61 MP: 6/6
  4173 | D:5      | Reached skill level 6 in Maces & Flails
  4342 | D:5      | Found an ancient bone altar of Kikubaaqudgha.
  4342 | D:5      | Found a snail-covered altar of Cheibriados.
  4507 | D:6      | Found a radiant altar of Vehumet.
  4635 | D:6      | Found a staircase to the Ecumenical Temple.
  4798 | D:6      | Reached skill level 7 in Maces & Flails
  4798 | D:6      | Reached XP level 8. HP: 60/70 MP: 7/7
  4831 | D:6      | Noticed Grinder
  4848 | D:6      | Killed Grinder
  4913 | D:6      | Found a blossoming altar of Fedhas.
  5032 | D:6      | Reached skill level 8 in Maces & Flails
  5248 | D:6      | Found a stormy altar of Qazlal.
  5419 | D:7      | Identified 3 scrolls of acquirement
  5449 | D:7      | Found a shimmering altar of Xom.
  5512 | D:7      | Noticed Blork the orc
  5516 | D:7      | Reached skill level 9 in Maces & Flails
  5522 | D:7      | Slain by a gnoll sergeant

Illustrated notes

Levels and vault maps discovered:
D:1:      minmay_arrival_doors, layout_loops_ring, serial_rivers,
          chequers_serial_rivers_room_a, chequers_serial_rivers_small_3,
          chequers_serial_rivers_large_a, chequers_serial_rivers_small_b
D:2:      layout_loops_ring, basic_altar, chequers_serial_rivers_small_a,
          minmay_misc_feat_pillars, nicolae_elevator_lobby_asterisk
D:3:      layout_basic, zin_treasury, lemuel_tele_altar,
          dilly_ecumenical_altar_fadedgnrine
D:4:      layout_layer_cave, nicolae_ru_sacrificial_ziggurat,
          mainiacjoe_overflow_small_starburst
D:5:      layout_loops_cross, gammafunk_temple_overflow_pools,
          portal_sewer_entry_d, st_stairs_6, nicolae_shop_sticking_my_neck_out,
          uniq_edmund
D:6:      layout_loops_ring, grunt_temple_overflow_forces_of_nature,
          mainiacjoe_overflow_brackets, minmay_temple_entry_arrows, uniq_grinder
D:7:      layout_loops_ring, lemuel_blue_sif_altar,
          mainiacjoe_overflow_six_doors_small,
          lightli_ossuary_entry_decrepit_ruins, moated_statue, sword_in_stone

Skill      XL: |  1  2  3  4  5  6  7  8 |
---------------+-------------------------+-----
Maces & Flails | 3 4 5 7 9 |  9.2
Shields        | 4 5 6 7 |  7.0
Armour         | 4 5 7 |  7.2
Fighting       | 4 5 7 |  7.1

Action                     |  1- 3 |  4- 6 |  7- 9 || total
---------------------------+-------+-------+-------++-------
  Melee: Flail             |    75 |    84 |   102 ||   261
         Headbutt          |    12 |    14 |    20 ||    46
  Throw: Boomerang         |     2 |       |       ||     2
    Use: Scroll            |       |     5 |     2 ||     7
         Potion            |       |       |     1 ||     1
 Armour: Scale mail        |    20 |       |       ||    20
         Chain mail        |     4 |       |       ||     4
         Plate armour      |       |    52 |    65 ||   117
  Dodge: Dodged            |    22 |    38 |    33 ||    93
  Block: Buckler           |    12 |    20 |     5 ||    37
         Kite shield       |       |       |    47 ||    47
